 Dungeon Crawl Stone Soup version 0.31-a0-949-g57150269e1 (webtiles) character file.

Game seed: 2345043662825601478

213 avis the Ducker (level 5, -6/24 HPs)
             Began as a Felid Artificer on Oct 22, 2023.
             Mangled by Grinder (10 damage)
             ... while paralysed by Grinder
             ... on level 3 of the Dungeon.
             The game lasted 00:13:49 (2666 turns).

avis the Ducker (Felid Artificer)                   Turns: 2666, Time: 00:13:50

Health: -6/24      AC:  1    Str: 10    XL:     5   Next: 59%
Magic:  6/6        EV:  4    Int: 13    God:
Gold:   164        SH:  0    Dex: 16    Spells: 4/4 levels left
                                        Lives:  0   Deaths: 2

rFire   . .          .
                       - Unarmed
rCold   . . .        (shield unavailable)
rNeg    . . .        (body armour unavailable)
rPois   .            (helmet unavailable)
rElec   .            (cloak unavailable)
rCorr   .            (gloves unavailable)
SInv    +            (boots unavailable)
Will    .....        (no amulet)
Stlth   ++           (no ring)
HPRegen 0.24/turn    (no ring)
MPRegen 0.10/turn

%: no passive effects
@: paralysed, lethally poisoned (-6 -> -7), attractive, quick
A: very small, claws 1, fangs 3, see invisible, speed 1, shaggy fur 1, stealthy
paws, no weapons or thrown items, no armour, multi-lived
a: no special abilities


You were on level 3 of the Dungeon.
You visited 1 branch of the dungeon, and saw 3 of its levels.

You collected 164 gold pieces.

Inventory:

Wands
 a - a wand of flame (13) (quivered)
 b - a wand of charming (10)
 l - a wand of roots (7)
Scrolls
 d - 2 scrolls of summoning
 e - a scroll of revelation {unknown}
 f - a scroll of teleportation {unknown}
 g - a scroll of vulnerability {unknown}
 h - a scroll of identify {unknown}
 k - a scroll of amnesia {unknown}
 m - a scroll of fog {unknown}
Potions
 j - a potion of enlightenment {unknown}


   Skills:
 - Level 3.0 Fighting
 - Level 6.0 Dodging
 - Level 2.0 Stealth
 * Level 1.2 Unarmed Combat
 - Level 4.0 Evocations


You had 4 spell levels left.
You didn't know any spells.
Your spell library contained the following spells:

 Spells                   Type           Power      Damage    Failure   Level
 Ensorcelled Hibernation  Hex/Ice        0%         N/A       43%         2
 Passwall                 Tmut/Erth      0%         N/A       43%         2
 Swiftness                Air            0%         N/A       67%         3


Dungeon Overview and Level Annotations

Branches:
Dungeon (3/15)

Altars:

Annotations:
D:3 Grinder


Innate Abilities, Weirdness & Mutations

You have sharp claws.
You have razor-sharp teeth.
You have supernaturally acute eyesight. (SInv)
You cover ground quickly. (Speed+)
You are covered in fur. (AC +1)
Your paws help you pounce on unaware monsters.
You are incapable of wielding weapons or throwing items.
You cannot wear armour.
You gain extra lives every three experience levels.


Message History

You feel very sick. The quokka bites your scorpion.
Your scorpion stings the quokka.
The quokka dies!
What are your orders? t - Meow!
Orders for allies: a - Attack new target. p - Attack previous target. r - Retreat! s - Stop attacking. g - Guard the area. f - Follow me.
Anything else - Cancel.
Gang up on whom?
Press: ? - help, Dir - move target, f - Grinder, p - scorpion
Aim: Grinder (heavily wounded) Attack!
You feel very sick.
Your scorpion barely misses Grinder.
Grinder hits your scorpion!
Your scorpion dies!
Training target 6.0 for Dodging reached!
Your Dodging skill increases to level 6!
You need to enable at least one skill for training.
Aiming: Fastroot
Press: ? - help, Shift-Dir - straight line, f/p - Grinder
Aim: Grinder (heavily wounded)
The roots erupt in riotous growth!
Roots grab Grinder.
The grasping roots constrict Grinder.
You feel sick.
Grinder struggles to escape constriction.
It was a potion of attraction.
You feel attractive to monsters.
The grasping roots constrict Grinder.
You feel sick.
Grinder escapes!
You feel sick. Grinder is attracted toward you. Grinder gestures at you.
You suddenly lose the ability to move!
Grinder is attracted toward you.
You feel sick. Grinder hits you.
* * * LOW HITPOINT WARNING * * *
You writhe in agony.
* * * LOW HITPOINT WARNING * * *
You feel sick. Grinder barely misses you.
You feel sick. Grinder hits you!
You die...
Grinder says, "Now the real fun starts!"

..# ####..# ..# ##....#
..# #..##..# #'########+#
#.## ..# ........##.# #†#
..# .).)....##.# #§# ..#
.♣......##.# #§# ..
.♣..†...#..######5#######
#
.♣..♣...#.#.....@........
.♣..♣).(#......##..######
♣♣♣♣♣...##.....##..#
.♣..♣...##.....##..###
.♣..♣...##.....##....#
.♣†.....#............#
.♣......#####...#....# ##
........# #.#.######..###
.†......# #.............#


You could see Grinder.

Vanquished Creatures
  Terence (D:2)
  Ijyb (D:3)
  An orc wizard (D:3)
  2 adders (D:2)
  A worm (D:3)
  3 dart slugs
  An orc (D:3)
  6 bats
  4 endoplasms
  A giant cockroach (D:3)
  6 hobgoblins
  2 quokkas
  7 ball pythons
  3 frilled lizards
  6 goblins
  2 kobolds
  4 rats
51 creatures vanquished.

Vanquished Creatures (collateral kills)
  An adder (D:3)
  A worm (D:3)
  2 orcs (D:3)
  A ball python (D:3)
  An endoplasm (D:3)
  A goblin (D:3)
  A hobgoblin (D:3)
  A quokka (D:3)
9 creatures vanquished.

Vanquished Creatures (others)
  A scorpion (D:3)
  An orc (D:3)
2 creatures vanquished.

Grand Total: 62 creatures vanquished

Notes
Turn   | Place    | Note
-------+----------+-------------------------------------------
     0 | D:1      | avis the Felid Artificer began the quest for the Orb.
     0 | D:1      | Reached XP level 1. HP: 9/9 MP: 2/2
   164 | D:1      | Reached XP level 2. HP: 12/12 MP: 3/3
   864 | D:2      | Identified the +1 robe of Red the Good {rCorr}
  1000 | D:2      | Reached XP level 3. HP: 12/16 MP: 4/4
  1158 | D:2      | Succumbed to an adder's poison
  1229 | D:2      | Reached skill level 4 in Dodging
  1324 | D:2      | Noticed Terence
  1327 | D:2      | Killed Terence
  1328 | D:2      | Reached XP level 4. HP: 20/20 MP: 5/5
  1605 | D:2      | Found a faded altar of an unknown god.
  2206 | D:3      | Noticed Ijyb
  2266 | D:3      | Killed Ijyb
  2267 | D:3      | Reached skill level 5 in Dodging
  2420 | D:3      | Frozen to death by an endoplasm
  2428 | D:3      | Reached XP level 5. HP: 24/24 MP: 6/6
  2466 | D:3      | Reached skill level 1 in Unarmed Combat
  2642 | D:3      | Noticed Grinder
  2660 | D:3      | Reached skill level 6 in Dodging
  2663 | D:3      | Paralysed by Grinder for 4 turns
  2666 | D:3      | Mangled by Grinder

Illustrated notes

Levels and vault maps discovered:
D:1:      matt_arrival_spirals, layout_loops_ring
D:2:      layout_basic, dreamdust_ecumenical_altar_hidden_monk_grotto,
          minmay_pentomino_r4, uniq_terence
D:3:      minmay_diamond_boxcup, layout_basic, minmay_misc_feat_iff,
          kennysheep_nondescript, kennysheep_generic_room_16, uniq_grinder,
          uniq_ijyb

Skill      XL: |  1  2  3  4  5 |
---------------+----------------+-----
Evocations     | 4 |  4.0
Stealth        | 2 |  2.0
Fighting       | 2 3 |  3.0
Dodging        | 4 5 6 |  6.0
Unarmed Combat | 1 |  1.2

Action                     |  1- 3 |  4- 6 || total
---------------------------+-------+-------++-------
  Melee: Unarmed           |   132 |    76 ||   208
         Punch             |     2 |       ||     2
         Bite              |    12 |     8 ||    20
  Evoke: Wand              |     3 |    12 ||    15
    Use: Scroll            |       |     1 ||     1
         Potion            |       |     1 ||     1
   Stab: Sleeping          |     5 |     3 ||     8
 Armour: Skin              |    32 |    21 ||    53
  Dodge: Dodged            |   112 |    63 ||   175

Table legend: (Time is in decaauts)
 A = Elapsed time spent in this place.
 B = Non-inter-level travel time spent in this place.
 C = Inter-level travel time spent in this place.
 D = Time resting spent in this place.
 E = Time spent auto-exploring this place.
 F = Levels seen in this place.
 G = Mean time per level.
                   A        B        C        D        E       F      G
               +--------+--------+--------+--------+--------+-----+--------+
         Total |   2258 |   2075 |    183 |    293 |   1153 |   3 |  752.7 |
       Dungeon |   2258 |   2075 |    183 |    293 |   1153 |   3 |  752.7 |
               +--------+--------+--------+--------+--------+-----+--------+

Top non-repeatable levels by time:
     D:2: 1004 daAuts
     D:1: 736 daAuts
     D:3: 517 daAuts
